 Dungeon Crawl Stone Soup version 0.29-a0-334-gb41bcbb86e (webtiles) character file.

Game seed: 14648952677414315201

907 bande the Chopper (level 8, -5/48 HPs)
             Began as a Gargoyle Fighter on Apr 15, 2022.
             Was an Initiate of Okawaru.
             Slain by a two-headed ogre
             ... wielding a +0 giant club
              (8 damage)
             ... on level 6 of the Dungeon.
             The game lasted 00:11:12 (4917 turns).

bande the Chopper (Gargoyle Fighter)                Turns: 4917, Time: 00:11:12

Health: -5/48      AC: 17    Str: 21    XL:     8   Next: 8%
Magic:  8/8        EV:  9    Int:  8    God:    Okawaru [......]
Gold:   415        SH: 11    Dex: 11    Spells: 7/7 levels left

rFire   . . .      SeeInvis +   a - +1 war axe
rCold   . . .      Faith    .   c - +1 buckler
rNeg    + . .      Spirit   .   b - +0 scale mail
rPois   ∞          Reflect  +   (no helmet)
rElec   +          Harm     .   k - scarf {repulsion}
rCorr   .          Rampage  .   (no gloves)
Will    .....                   (no boots)
Stlth   ..........              o - amulet of reflection
HPRegen 0.16/turn               i - +4 ring of protection
MPRegen 0.11/turn               g - ring of see invisible

@: repel missiles
A: sickness immunity, AC +5, negative energy resistance 1, electricity
resistance, torment resistance 1, petrification resistance
a: Renounce Religion


You were on level 6 of the Dungeon.
You worshipped Okawaru.
Okawaru was noncommittal.
You visited 2 branches of the dungeon, and saw 7 of its levels.

You collected 415 gold pieces.

Inventory:

Hand Weapons
 a - a +1 war axe (weapon)
Missiles
 r - 2 throwing nets (quivered)
Armour
 b - a +0 scale mail (worn)
 c - a +1 buckler (worn)
 k - a scarf of repulsion (worn)
Jewellery
 g - a ring of see invisible (right hand)
 i - a +4 ring of protection (left hand)
 o - an amulet of reflection (around neck)
 v - a ring of positive energy
Wands
 x - a wand of polymorph (5)
Scrolls
 m - 4 scrolls of teleportation
Potions
 d - 3 potions of might
 e - 2 potions of haste {unknown}
 f - 3 potions of cancellation
 h - a potion of attraction {unknown}
 j - 3 potions of invisibility
 l - 6 potions of lignification {unknown}
 n - 3 potions of curing
 p - 2 potions of magic {unknown}
 q - a potion of resistance {unknown}
 t - 2 potions of heal wounds {unknown}
 w - a potion of brilliance {unknown}
 z - a potion of flight {unknown}


   Skills:
 + Level 4.7 Fighting
 + Level 5.2 Axes
 + Level 5.1 Armour
 - Level 0.3 Dodging
 - Level 0.2 Stealth
 + Level 5.0 Shields
 * Level 0.9 Invocations
 * Level 3.0 Evocations


You had 7 spell levels left.
You didn't know any spells.
Your spell library contained the following spells:

 Spells                   Type           Power      Damage    Failure   Level
 Orb of Destruction       Conj           0%         9d5       100%        7
 Borgnjor's Revivificati  Necr           0%         N/A       100%        8
 Necromutation            Tmut/Necr      0%         N/A       100%        8
 Death's Door             Necr           0%         N/A       100%        9
 Summon Guardian Golem    Hex/Summ       Unusable   N/A       N/A         3
 Spellforged Servitor     Conj/Summ      Unusable   N/A       N/A         7

Dungeon Overview and Level Annotations

Branches:
Dungeon (6/15)             Temple (1/1) D:6

Altars:
Ashenzari
Elyvilon
Okawaru
Qazlal
Sif Muna
Trog
Wu Jian
The Shining One

Annotations:
D:3 2 transporters, Antichthon's ghost, amateur NaWr


Innate Abilities, Weirdness & Mutations

You are immune to sickness and miasma.
Your stone body is resilient. (AC +5)
You are immune to poison.
You resist negative energy. (rN+)
You are resistant to electric shocks. (rElec)
You are resistant to unholy torment.
You are immune to petrification.


Message History

The two-headed ogre hits you with a +0 giant club.
You slash the iguana!
You kill the iguana!
Okawaru accepts your kill.
You hit the two-headed ogre. You closely miss the phantom.
The phantom hits you. You block the two-headed ogre's attack.
The two-headed ogre hits you with a +0 giant club.
You slash the phantom!
The phantom is severely damaged.
You slash the two-headed ogre! You block the phantom's attack.
You slash the phantom!
You destroy the phantom!
Okawaru accepts your kill.
You slash the two-headed ogre!
You block the two-headed ogre's attack. x2
Your Shields skill increases to level 5!
Your Evocations skill increases to level 3!
You have reached level 8!
You feel stronger.
You barely miss the two-headed ogre.
The two-headed ogre is moderately wounded.
The two-headed ogre hits you with a +0 giant club!
You block the two-headed ogre's attack.
Unknown command.
You slash the two-headed ogre!
The two-headed ogre is heavily wounded.
The two-headed ogre hits you with a +0 giant club! x2
You hit the two-headed ogre.
The two-headed ogre is heavily wounded.
The two-headed ogre closely misses you. x2
You slash the two-headed ogre!
The two-headed ogre is severely wounded.
The two-headed ogre hits you with a +0 giant club!
* * * LOW HITPOINT WARNING * * *
You block the two-headed ogre's attack.
You slash the two-headed ogre!
The two-headed ogre is almost dead.
You barely miss the two-headed ogre.
The two-headed ogre is almost dead.
The two-headed ogre hits you with a +0 giant club!
You die...

#.#####...##..........
...####..#####..######
###...#.## #..# #..#.#
#..# #..#.# #..#
#..#.# #..# #..#.#
#..#
.#.###†.#.######..#
......O@!.........#
.......$..#.####.##
#.#.###.#.#.# #.# ###
# #.#.#.####.#####..
..................
...#.#.#########...
......#.# #...
##.#.###.# ##.. #.#
###


You could see a two-headed ogre.

Vanquished Creatures
  3 black bears
  An ogre (D:4)
  A phantom (D:6)
  A kobold brigand (D:6)
  A scorpion (D:4)
  2 hounds
  5 iguanas
  An orc wizard (D:4)
  3 adders
  5 dart slugs
  8 orcs
  2 endoplasms
  8 giant cockroaches
  4 goblins
  9 hobgoblins
  2 jackals (D:5)
  5 quokkas
  6 ball pythons
  4 bats
  5 frilled lizards
  8 kobolds
  26 rats
110 creatures vanquished.

Vanquished Creatures (others)
  A kobold (D:6)
1 creature vanquished.

Grand Total: 111 creatures vanquished

Notes
Turn   | Place    | Note
-------+----------+-------------------------------------------
     0 | D:1      | bande the Gargoyle Fighter began the quest for the Orb.
     0 | D:1      | Reached XP level 1. HP: 14/14 MP: 1/1
    50 | D:1      | Reached XP level 2. HP: 15/19 MP: 2/2
   438 | D:1      | Reached XP level 3. HP: 24/24 MP: 3/3
  1534 | D:2      | You fall into a shaft and drop 1 floor!
  2170 | D:3      | Found a white marble altar of Elyvilon.
  2393 | D:3      | Reached XP level 4. HP: 29/29 MP: 4/4
  2461 | D:3      | Found a transporter.
  2501 | D:3      | Found a transporter.
  2502 | D:3      | Noticed Antichthon's ghost (amateur NaWr)
  2503 | D:3      | Identified the +5 dire flail "Pivenil" {antimagic, Drain
                  | rF+ Str+3}
  2503 | D:3      | Noticed an ogre
  2621 | D:3      | Found a faded altar of an unknown god.
  3100 | D:4      | Noticed an ogre
  3106 | D:4      | Killed an ogre
  3107 | D:4      | Reached skill level 1 in Evocations
  3107 | D:4      | Reached XP level 5. HP: 33/33 MP: 5/5
  3139 | D:4      | Reached XP level 6. HP: 32/38 MP: 6/6
  3427 | D:4      | Noticed a black bear
  3447 | D:4      | Killed a black bear
  3849 | D:5      | Entered Level 5 of the Dungeon
  3872 | D:5      | Reached XP level 7. HP: 34/43 MP: 7/7
  4561 | D:6      | Found a staircase to the Ecumenical Temple.
  4601 | D:6      | Reached skill level 5 in Axes
  4601 | D:6      | Reached skill level 5 in Armour
  4606 | Temple   | Entered the Ecumenical Temple
  4802 | Temple   | Became a worshipper of Warmaster Okawaru
  4903 | D:6      | Noticed a two-headed ogre
  4912 | D:6      | Reached skill level 5 in Shields
  4912 | D:6      | Reached XP level 8. HP: 45/48 MP: 8/8
  4915 | D:6      | HP: 2/48 [two-headed ogre/+0 giant club (16)]
  4917 | D:6      | Slain by a two-headed ogre

Illustrated notes

Levels and vault maps discovered:
D:1:      dpeg_arrival_ratfight, layout_basic, serial_bayou_ford_a
D:2:      layout_loops_corners, minmay_misc_feat_five
D:3:      kennysheep_big_flooded_room, layout_basic, elyvilon_altar_1,
          gammafunk_ghost_smash, basic_ecumenical_altar
D:4:      layout_loops_cross, serial_glass, glass_columns_b, glass_columns_a,
          minmay_rat_hole
D:5:      layout_cave_pools
D:6:      layout_loops_ring, minmay_temple_entry_tees, minmay_misc_feat_rugged,
          nrook_campfire
Temple:   mainiacjoe_temple_coin_purse

Skill      XL: |  1  2  3  4  5  6  7 |
---------------+----------------------+-----
Axes           | 2 3 4 5 |  5.2
Fighting       | 4 |  4.7
Armour         | 4 5 |  5.1
Evocations     | 1 2 3 |  3.0
Shields        | 4 5 |  5.0
Dodging        | |  0.3
Stealth        | |  0.2
Invocations    | |  0.9

Action                   |  1- 3 |  4- 6 |  7- 9 || total
-------------------------+-------+-------+-------++-------
Melee: War axe           |   148 |   109 |    81 ||   338
  Use: Scroll            |     4 |     7 |       ||    11
       Potion            |       |     2 |       ||     2
Armor: Scale mail        |    84 |    71 |    53 ||   208
Dodge: Dodged            |    80 |    60 |    36 ||   176
       Repelled          |       |       |     1 ||     1
Block: Buckler           |    42 |    78 |    65 ||   185
       Reflection        |       |     3 |     1 ||     4

Table legend: (Time is in decaauts)
 A = Elapsed time spent in this place.
 B = Non-inter-level travel time spent in this place.
 C = Inter-level travel time spent in this place.
 D = Time resting spent in this place.
 E = Time spent auto-exploring this place.
 F = Levels seen in this place.
 G = Mean time per level.
                   A        B        C        D        E       F      G
               +--------+--------+--------+--------+--------+-----+--------+
         Total |   5055 |   4990 |     65 |    363 |   3412 |   7 |  722.1 |
       Dungeon |   4849 |   4792 |     57 |    363 |   3227 |   6 |  808.2 |
        Temple |    205 |    197 |      8 |      0 |    185 |   1 |  205.0 |
               +--------+--------+--------+--------+--------+-----+--------+

Top non-repeatable levels by time:
     D:1: 1039 daAuts
     D:4: 1031 daAuts
     D:2: 1007 daAuts
     D:3: 883 daAuts
     D:5: 624 daAuts
     D:6: 263 daAuts
  Temple: 205 daAuts
